 Dungeon Crawl Stone Soup version 0.29.1-2-gbd0b4ee654 (webtiles) character file.

Game seed: 3911089605408542373

55 DildoBatman the Conjurer (level 4, -3/32 HPs)
             Began as a Formicid Conjurer on Nov 25, 2022.
             Slain by an ufetubus (5 damage)
             ... on level 5 of the Dungeon.
             The game lasted 00:02:57 (1061 turns).

DildoBatman the Conjurer (Formicid Conjurer)        Turns: 1061, Time: 00:02:58

Health: -3/32      AC:  2    Str: 12    XL:     4   Next: 14%
Magic:  8/8        EV: 12    Int: 19    God:
Gold:   67         SH:  0    Dex: 12    Spells: 5/8 levels left

rFire   . . .      SeeInvis +   b - +0 sling
rCold   . . .      Faith    .   (no shield)
rNeg    . . .      Spirit   .   i - +0 robe
rPois   .          Reflect  .   (helmet unavailable)
rElec   .          Harm     .   (no cloak)
rCorr   .          Rampage  .   (no gloves)
Will    .....                   (no boots)
Stlth   ++........              (no amulet)
HPRegen 0.10/turn               (no ring)
MPRegen 0.11/turn               (no ring)

@: no status effects
A: permanent stasis, dig shafts and tunnels, antennae 3, four strong arms
a: Dig, Shaft Self


You were on level 5 of the Dungeon.
You visited 1 branch of the dungeon, and saw 4 of its levels.

You collected 89 gold pieces.
You spent 22 gold pieces at shops.

Inventory:

Hand Weapons
 a - a +1 dagger of speed
 b - a +0 sling (weapon)
Missiles
 g - 14 stones
 m - 4 poisoned darts
Armour
 i - a +0 robe (worn)
Scrolls
 d - a scroll of amnesia {unknown}
 f - a scroll of noise {unknown}
 h - a scroll of teleportation {unknown}
 k - a scroll of identify
 l - a scroll of magic mapping {unknown}
 n - a scroll of fear {unknown}
Potions
 c - a potion of curing {unknown}
 e - a potion of flight {unknown}
 j - a potion of magic


   Skills:
 * Level 1.5 Fighting
 * Level 1.5 Armour
 - Level 2.0 Dodging
 - Level 2.4 Stealth
 * Level 2.7 Spellcasting
 * Level 3.9 Conjurations


You had 5 spell levels left.
You knew the following spells:

 Your Spells              Type           Power      Damage    Failure   Level
a - Searing Ray           Conj           34%        2d5       4%          2
c - Magic Dart            Conj           68%        1d6       3%          1

Your spell library contained the following spells:

 Spells                   Type           Power      Damage    Failure   Level
 Sting                    Tmut/Pois      8%         1d3       16%         1
 Dazzling Flash           Conj/Hex       20%        N/A       21%         3
 Poisonous Vapours        Pois/Air       4%         N/A       24%         2
 Fulminant Prism          Conj/Hex       5%         3d7       56%         4
 Iskenderun's Mystic Bla  Conj/Tloc      10%        2d4       56%         4
 Olgreb's Toxic Radiance  Pois           2%         N/A       83%         4


Dungeon Overview and Level Annotations

Branches:
Dungeon (5/15)
 Temple: D:4-7

Altars:

Shops:
D:1 *


Innate Abilities, Weirdness & Mutations

You cannot be hasted, slowed, berserked, paralysed or teleported.
You can dig through walls and to a lower floor.
You have a pair of large antennae on your head. (SInv)
Your four strong arms can wield two-handed weapons with a shield.


Message History

What are your orders? t - Shout!
Orders for allies: a - Attack new target. r - Retreat! s - Stop attacking. g - Guard the area. f - Follow me.
Anything else - Cancel.
You shout for attention!
A centaur opens the door.
A hound comes into view.
The ufetubus hits you. The ufetubus misses you.
A hound comes into view.
The river rat bites you.
Found a stone staircase leading up.
What are your orders? t - Shout!
Orders for allies: a - Attack new target. r - Retreat! s - Stop attacking. g - Guard the area. f - Follow me.
Anything else - Cancel.
You shout for attention!
The hound barks!
The centaur wields a +0 shortbow.
The centaur shoots an arrow.
The arrow closely misses you.
The arrow hits the worm.
The ufetubus hits you.
The ufetubus hits you but does no damage.
The river rat bites you. The ufetubus closely misses you.
The ufetubus hits you but does no damage.
What are your orders? t - Shout!
Orders for allies: a - Attack new target. r - Retreat! s - Stop attacking. g - Guard the area. f - Follow me.
Anything else - Cancel.
You shout for attention!
The ufetubus hits you.
You die...

.##.....##...
.........).
.........
#.......
##......
#......#
#...rrw#
#...@.+
#...5.# ..#
.. #...... .
#......#
#.....##
....^.#


You could see a centaur, a worm, 2 hounds, a river rat, an ufetubus and a rat.

Vanquished Creatures
  3 gnolls (D:2)
  2 dart slugs (D:1)
  An endoplasm (D:1)
  A giant cockroach (D:1)
  A goblin (D:1)
  A hobgoblin (D:1)
  2 jackals (D:1)
  2 ball pythons
  4 bats
  2 frilled lizards (D:1)
  5 kobolds
  A rat (D:1)
25 creatures vanquished.

Notes
Turn   | Place    | Note
-------+----------+-------------------------------------------
     0 | D:1      | DildoBatman the Formicid Conjurer began the quest for the
                  | Orb.
     0 | D:1      | Reached XP level 1. HP: 13/13 MP: 3/3
   127 | D:1      | Reached XP level 2. HP: 20/20 MP: 1/5
   130 | D:1      | Learned a level 2 spell: Searing Ray
   195 | D:1      | Found a faded altar of an unknown god.
   207 | D:1      | Found Refyqom's General Store.
   548 | D:1      | Reached skill level 1 in Fighting
   555 | D:1      | Reached skill level 1 in Armour
   572 | D:1      | Reached XP level 3. HP: 25/26 MP: 1/6
   850 | D:1      | Bought a scroll of identify for 22 gold pieces
   995 | D:2      | Reached XP level 4. HP: 19/32 MP: 3/8
   997 | D:2      | You fall into a shaft and drop 2 floors!
  1044 | D:4      | You fall into a shaft and drop 1 floor!
  1044 | D:5      | Entered Level 5 of the Dungeon
  1060 | D:5      | Noticed a centaur
  1061 | D:5      | Slain by an ufetubus

Illustrated notes

Levels and vault maps discovered:
D:1:      spicycebolla_arrival_risky_transporter, layout_basic,
          ebering_ecumenical_altar_abandoned, serial_shops,
          nicolae_shop_waterfront, minmay_stone_trees_small
D:2:      layout_loops_ring, basic_altar, roderic_st_hans_cross
D:4:      layout_rooms, kennysheep_mini_moat
D:5:      layout_gridville, nicolae_overflow_crystal_walls, serial_shops,
          nicolae_shop_statue_plus, lightli_sewer_entry_pipes

Skill      XL: |  1  2 |
---------------+-------+-----
Dodging        | 2 |  2.0
Fighting       | 1 |  1.5
Armour         | 1 |  1.5
Stealth        | |  2.4
Spellcasting   | |  2.7
Conjurations   | |  3.9

Action                   |  1- 3 |  4- 6 || total
-------------------------+-------+-------++-------
Melee: Unarmed           |     8 |       ||     8
       Club              |    10 |       ||    10
       Dagger            |     9 |       ||     9
 Fire: Sling             |     8 |       ||     8
 Cast: Magic Dart        |    36 |       ||    36
       Searing Ray       |     2 |       ||     2
 Abil: Shaft Self        |       |     2 ||     2
Armor: Robe              |     5 |     4 ||     9
Dodge: Dodged            |    24 |    16 ||    40
